 Dungeon Crawl Stone Soup version 0.22.1-2-g9c5b331383 (webtiles) character file.

6285 McIrco the Unseen (level 10, -40/67 HPs)
             Began as a Vampire Enchanter on Jan 5, 2019.
             Was an Elder of Dithmenos.
             Killed from afar by a fire giant (46 damage)
             ... with a fireball
             ... on level 9 of the Dungeon.
             The game lasted 00:37:20 (13093 turns).

McIrco the Unseen (Vampire Enchanter)              Turns: 13093, Time: 00:37:20

Health: -40/67     AC:  0    Str:  9    XL:     10   Next: 63%
Magic:  5/18       EV: 44    Int: 18    God:    Dithmenos [****..]
Gold:   127        SH:  0    Dex: 21    Spells: 11/20 levels left

rFire    . . .     SeeInvis +   (weapon currently unavailable)
rCold    + + .     Gourm    .   (shield currently unavailable)
rNeg     + + +     Faith    .   (armour currently unavailable)
rPois    ∞         Spirit   .   (helmet currently unavailable)
rElec    .         Reflect  .   (cloak currently unavailable)
rCorr    .         Harm     .   (gloves currently unavailable)
MR       +....                  (boots currently unavailable)
Stlth    ++++++++++             B - amulet of the acrobat (curse)
HPRegen  0.00/turn              (ring currently unavailable)
MPRegen  0.16/turn              (ring currently unavailable)

@: bat-form, flying, bloodless, non-regenerating, wreathed by umbra, very quick
A: tiny, fangs 3, see invisible
a: End Transformation, Shadow Step, Renounce Religion


You were on level 9 of the Dungeon.
You worshipped Dithmenos.
Dithmenos was greatly pleased with you.
You were bloodless.
You were in vampire-bat-form.
You visited 1 branch of the dungeon, and saw 9 of its levels.

You collected 441 gold pieces.
You spent 314 gold pieces at shops.

Inventory:

Hand Weapons
 g - a +0 dagger of venom
 i - a +1 dagger of electrocution (melded)
 D - a +0 long sword of slicing
 I - a +2 long sword
Missiles
 a - 6 javelins (quivered)
Armour
 o - a +0 cloak (melded)
 y - a +1 pair of gloves (melded)
 A - a +0 buckler
 S - a +0 leather armour (melded)
Magical Staves
 J - an uncursed staff of fire
 M - an uncursed staff of summoning {unknown}
 P - an uncursed staff of wizardry {unknown}
Jewellery
 k - an uncursed ring of protection from fire
 w - an uncursed ring of positive energy
 B - a cursed amulet of the acrobat (around neck)
 C - a +4 ring of evasion (melded)
 E - an uncursed amulet of rage
 F - a +5 ring of protection (melded)
Wands
 s - a wand of paralysis (3)
 G - a wand of flame (29)
 L - a wand of acid (20)
 R - a wand of random effects (18)
Scrolls
 b - a scroll of immolation
 c - 2 scrolls of blinking
 f - 2 scrolls of amnesia
 h - 3 scrolls of identify
 m - 7 scrolls of teleportation
 q - 6 scrolls of remove curse
 r - 2 scrolls of enchant weapon
 x - 3 scrolls of fog {unknown}
 z - 3 scrolls of magic mapping
 N - a scroll of noise
Potions
 e - 37 potions of blood
 j - 4 potions of brilliance
 l - 4 potions of flight
 n - 2 potions of resistance
 p - a potion of magic
 t - 4 potions of heal wounds
 u - 2 potions of lignification
 v - a potion of mutation
 H - a potion of curing
 K - a potion of cancellation {unknown}
 O - a potion of might


   Skills:
 + Level 1.9 Fighting
 + Level 5.7 Short Blades
 + Level 0.4 Armour
 * Level 8.3 Dodging
 + Level 15.0 Stealth
 + Level 5.7 Spellcasting
 + Level 8.9 Hexes
 + Level 3.4 Ice Magic


You had 11 spell levels left.
You knew the following spells:

 Your Spells              Type           Power        Failure   Level  Hunger
a - Corona                Hex            #####..      1%          1    None
b - Confuse               Hex            #####...     1%          3    ##.....
c - Tukima's Dance        Hex            #####...     1%          3    ##.....
d - Ensorcelled Hibernat  Hex/Ice        ####..       1%          2    None

Your spell library contained the following spells:

 Spells                   Type           Power        Failure   Level  Hunger
 Dazzling Spray           Conj/Hex       ###...       6%          3    ##.....
 Sting                    Conj/Pois      #...         12%         1    None
 Poisonous Vapours        Pois/Air       #.....       19%         2    None
 Mephitic Cloud           Conj/Pois/Air  #.......     36%         3    ##.....
 Olgreb's Toxic Radiance  Pois           #.......     77%         4    ####...
 Venom Bolt               Conj/Pois      #.........   98%         5    #####..


Dungeon Overview and Level Annotations

Branches:
Dungeon (9/15)             Temple (0/1) D:5            Lair (0/6) D:8
    Orc: D:9-12

Altars:
Dithmenos
Elyvilon
Hepliaklqana
Kikubaaqudgha
Nemelex Xobeh
Qazlal
Xom

Shops:
D:6 }?   D:8 ![:?   D:9 [

Annotations:
D:5 1 runed door
D:8 2 transporters


Innate Abilities, Weirdness & Mutations

You do not heal naturally.
You are immune to poison.
You have razor-sharp teeth.
You have supernaturally acute eyesight. (SInv)
((You can survive without breathing.))


Message History

You see here a large rock.
There is an open door here.
You see here a large rock.
You turn into a vampire bat.
Your +1 dagger of electrocution melds into your body.
Your +0 cloak melds into your body.
Your +1 pair of gloves melds into your body.
Your +0 leather armour melds into your body.
Your +5 ring of protection melds into your body.
Your +4 ring of evasion melds into your body.
Your +1 dagger of electrocution stops crackling.
Unknown command.
Unknown command.
The fire giant casts a spell at you. The bolt of fire misses you.
There is an open door here.
The fire giant casts a spell at you.
The fireball explodes!
The fireball engulfs you!
Ouch! That really hurt!
You die...

##.#.#...#######
#.##.# #.#
######......##
#.##.# #.#
.........##.#
#.##.####.#
###########.#
#.##.##.... #.#
#.(#....#.# ###
#.#
######(######.#
#.##### #<#
####..((#)# #%#
.#....#
.####....).('.#
#.. ###.#.#
#..b...)..###
### .#.##.#
####'########
#.###.# #.#...#
....#.# ##.(..##
....#.## #.C#.##
#.#....# #.C###
.......# #.(#
.......# #...#
....#.## #...#


You could see a fire giant and a cyclops.

Vanquished Creatures
  Pikel (D:6)
  A cyclops (D:9)
  Grinder (D:6)
  A slime creature (D:7)
  3 hippogriffs
  Prince Ribbit (D:6)
  Sigmund (D:2)
  A spriggan (D:7)
  An acid dragon (D:9)
  3 phantoms
  An ice beast (D:6)
  A porcupine (D:8)
  A slave (D:6)
  2 black bears
  6 orc warriors
  3 ogres
  A big kobold (D:9)
  5 bullfrogs
  3 scorpions
  7 wights
  4 howler monkeys
  3 crimson imps (D:5)
  10 jellies (D:7)
  A centaur skeleton (D:5)
  A hound (D:7)
  9 orc priests
  Crazy Yiuf (D:2)
  4 orc wizards
  A bullfrog skeleton (D:4)
  Jessica (D:2)
  5 iguanas
  Natasha (thrice) (D:2)
  6 worker ants
  A howler monkey zombie (D:3)
  4 adders
  A shadow imp (D:7)
  9 oozes (D:7)
  2 adder skeletons
  5 worms
  2 dart slugs
  5 leopard geckos
  42 orcs
  4 giant cockroaches
  10 goblins
  6 hobgoblins
  11 jackals
  7 kobolds
  2 quokkas
  4 ball pythons
  4 bats
  5 frilled lizards
  A quokka skeleton (D:8)
  7 rats
225 creatures vanquished.

Vanquished Creatures (others)
  2 slaves (D:6)
  A centaur (D:7)
  3 bullfrogs (D:7)
  A howler monkey (D:7)
  2 hounds
  A leopard gecko (D:7)
  2 orcs
  A jackal (D:7)
  3 fungi (D:7)
16 creatures vanquished.

Grand Total: 241 creatures vanquished

Notes
Turn   | Place    | Note
-------+----------+-------------------------------------------
     0 | D:1      | McIrco the Vampire Enchanter began the quest for the Orb.
     0 | D:1      | Reached XP level 1. HP: 13/13 MP: 3/3
  2968 | D:1      | Reached XP level 2. HP: 19/19 MP: 5/5
  3091 | D:1      | Reached skill level 5 in Stealth
  3709 | D:1      | Reached skill level 5 in Hexes
  3711 | D:1      | Reached XP level 3. HP: 3/24 MP: 2/6
  4400 | D:1      | Learned a level 3 spell: Confuse
  4693 | D:2      | Found a sparkling altar of Nemelex Xobeh.
  4744 | D:2      | Found a runed door.
  4794 | D:2      | Noticed Crazy Yiuf
  4798 | D:2      | Killed Crazy Yiuf
  4798 | D:2      | Reached XP level 4. HP: 30/30 MP: 7/7
  4821 | D:2      | Noticed Sigmund
  4834 | D:2      | Killed Sigmund
  4834 | D:2      | Reached skill level 7 in Stealth
  4834 | D:2      | Reached XP level 5. HP: 36/36 MP: 4/9
  5031 | D:2      | Noticed Natasha
  5038 | D:2      | Killed Natasha
  5038 | D:2      | Reached skill level 1 in Fighting
  5038 | D:2      | Reached XP level 6. HP: 43/43 MP: 10/10
  5041 | D:2      | Noticed Jessica
  5047 | D:2      | Killed Jessica
  5101 | D:2      | Noticed Natasha
  5111 | D:2      | Killed Natasha
  5147 | D:2      | Noticed Natasha
  5154 | D:2      | Killed Natasha
  5947 | D:3      | Found a shadowy altar of Dithmenos.
  5970 | D:3      | Became a worshipper of Dithmenos the Shadowed
  6632 | D:4      | Reached skill level 8 in Stealth
  6641 | D:4      | Learned a level 3 spell: Tukima's Dance
  6644 | D:4      | Learned a level 2 spell: Ensorcelled Hibernation
  6655 | D:4      | Reached XP level 7. HP: 48/48 MP: 12/12
  7521 | D:5      | Entered Level 5 of the Dungeon
  7545 | D:5      | Reached skill level 9 in Stealth
  7579 | D:5      | Found a runed door.
  7579 | D:5      | Noticed an angel
  7580 | D:5      | Found a white marble altar of Elyvilon.
  7633 | D:5      | Reached * piety under Dithmenos
  7739 | D:5      | Found a hazy altar of Hepliaklqana.
  7787 | D:5      | Reached XP level 8. HP: 54/54 MP: 13/13
  7920 | D:5      | Found a staircase to the Ecumenical Temple.
  7999 | D:6      | Reached skill level 10 in Stealth
  8130 | D:6      | Noticed Grinder
  8135 | D:6      | Killed Grinder
  8135 | D:6      | Reached skill level 5 in Dodging
  8263 | D:6      | Noticed Pikel
  8304 | D:6      | Killed Pikel
  8304 | D:6      | Reached skill level 11 in Stealth
  8373 | D:6      | Noticed Prince Ribbit
  8802 | D:6      | Killed Prince Ribbit
  8802 | D:6      | Reached skill level 12 in Stealth
  8802 | D:6      | Reached XP level 9. HP: 57/59 MP: 12/15
  8943 | D:6      | Found Buwo's Magic Scroll Shoppe.
  8947 | D:6      | Bought a scroll of enchant weapon for 105 gold pieces
  9055 | D:6      | Found Imum's Gadget Boutique.
  9510 | D:7      | Reached ** piety under Dithmenos
  9556 | D:7      | Reached skill level 13 in Stealth
 10405 | D:7      | Reached skill level 1 in Ice Magic
 10468 | D:7      | Found a shimmering altar of Xom.
 10486 | D:7      | Reached skill level 5 in Short Blades
 10486 | D:7      | Reached skill level 5 in Spellcasting
 11321 | D:7      | Found a white marble altar of Elyvilon.
 11321 | D:7      | Found a stormy altar of Qazlal.
 11325 | D:7      | Found an ancient bone altar of Kikubaaqudgha.
 11627 | D:8      | Reached XP level 10. HP: 67/67 MP: 16/18
 11785 | D:8      | Reached *** piety under Dithmenos
 12042 | D:8      | Found Bosearhu's Magic Scroll Boutique.
 12046 | D:8      | Found Jengaon's Armour Boutique.
 12046 | D:8      | Found Vetwior's Book Boutique.
 12047 | D:8      | Found Selamiyll's Distillery.
 12075 | D:8      | Bought a scroll of identify for 28 gold pieces
 12075 | D:8      | Bought a scroll of magic mapping for 49 gold pieces
 12075 | D:8      | Bought a scroll of noise for 14 gold pieces
 12075 | D:8      | Bought a scroll of identify for 28 gold pieces
 12083 | D:8      | Bought a potion of heal wounds for 50 gold pieces
 12083 | D:8      | Bought a potion of might for 40 gold pieces
 12122 | D:8      | Found a transporter.
 12138 | D:8      | Found a transporter.
 12168 | D:8      | Found a shadowy altar of Dithmenos.
 12381 | D:8      | Found a staircase to the Lair.
 12384 | D:8      | Reached skill level 14 in Stealth
 12713 | D:9      | Found Opoibli's Armour Shoppe.
 12839 | D:9      | Reached **** piety under Dithmenos
 13009 | D:9      | Noticed a cyclops
 13046 | D:9      | Killed a cyclops
 13057 | D:9      | Reached skill level 15 in Stealth
 13075 | D:9      | Noticed a cyclops
 13078 | D:9      | Noticed a fire giant
 13093 | D:9      | Killed from afar by a fire giant

Skill      XL: |  1  2  3  4  5  6  7  8  9 10 |
---------------+-------------------------------+-----
Stealth        | 5 7 8 9 12 13 15 | 15.0
Hexes          | 5 6 7 8 |  8.9
Short Blades   | 2 3 4 5 |  5.7
Dodging        | 3 4 6 7 8 |  8.3
Fighting       | 1 |  1.9
Spellcasting   | 3 4 5 |  5.7
Ice Magic      | 1 3 |  3.4
Armour         | |  0.4

Action                   |  1- 3 |  4- 6 |  7- 9 | 10-12 || total
-------------------------+-------+-------+-------+-------++-------
Melee: Dagger            |    80 |    74 |   277 |   182 ||   613
       Bite              |     4 |     9 |    18 |    15 ||    46
 Cast: Corona            |     5 |       |     2 |       ||     7
       Confuse           |     2 |    13 |    23 |       ||    38
       Ensorcelled Hiber |       |       |    15 |    26 ||    41
 Abil: Bat Form          |       |       |       |     1 ||     1
Evoke: Wand              |       |       |     1 |       ||     1
  Use: Potion            |     1 |     1 |     5 |       ||     7
       Scroll            |       |    12 |     1 |     4 ||    17
 Stab: Sleeping          |    16 |    20 |    41 |    18 ||    95
       Distracted        |     1 |       |       |     3 ||     4
       Confused          |       |     4 |     9 |       ||    13
  Eat: Corpse            |     2 |       |     1 |       ||     3
Armor: Robe              |    14 |     7 |    34 |     3 ||    58
       Leather armour    |       |       |       |    11 ||    11
Dodge: Dodged            |    43 |    34 |   228 |   131 ||   436
